NYP
AUBURN DOUBLEDAYS @ MILWAUKEE (NYP) BREWERS
09/20/2047
 
TOP OF THE 1ST
Auburn Doubledays batting - Pitching for Milwaukee (NYP) Brewers : RHP Ben Bosley
Pitching: RHP Ben Bosley
Batting: RHB Antonio Morado 0-0: Ball
1-0: Ground out 4-3 (Groundball, 34, EV 103.1 MPH)
Batting: RHB John Savard 0-0: Called Strike
0-1: Ball
1-1: Called Strike
1-2: Foul Ball, location: 2F
1-2: Strikes out swinging
Batting: SHB Ed Thorpe Jr. 0-0: Ground out 4-3 (Groundball, 4, EV 88.1 MPH)
Top of the 1st over - 0 runs, 0 hits, 0 errors, 0 left on base; Auburn 0 - Milwaukee (NYP) 0
BOTTOM OF THE 1ST
Milwaukee (NYP) Brewers batting - Pitching for Auburn Doubledays : RHP Sentos Alatas
Pitching: RHP Sentos Alatas
Batting: SHB Aaron Neill 0-0: Called Strike
0-1: Fly out, F4 (Line Drive, 4M, EV 70.0 MPH)
Batting: SHB Orlando Torres 0-0: Ball
1-0: Fly out, F9 (Flyball, 9D, EV 86.2 MPH)
Batting: LHB Tyler Francis 0-0: Ball
1-0: Foul Ball, location: 2F
1-1: Foul Ball, location: 2F
1-2: Ball
2-2: Strikes out swinging
Bottom of the 1st over - 0 runs, 0 hits, 0 errors, 0 left on base; Auburn 0 - Milwaukee (NYP) 0
TOP OF THE 2ND
Auburn Doubledays batting - Pitching for Milwaukee (NYP) Brewers : RHP Ben Bosley
Batting: RHB Deshawn Boseman 0-0: Called Strike
0-1: Foul Ball, location: 2F
0-2: Strikes out looking
Batting: LHB Vince McLane 0-0: Ball
1-0: SINGLE (Groundball, 6M, EV 98.8 MPH) (infield hit)
Batting: LHB Bobby Adams 0-0: Ball
1-0: Ball
2-0: Swinging Strike
2-1: Fly out, F7 (Line Drive, 78M, EV 87.5 MPH)
Batting: LHB Adam Jacobs 0-0: Ground out 4-3 (Groundball, 4S, EV 81.9 MPH)
Top of the 2nd over - 0 runs, 1 hit, 0 errors, 1 left on base; Auburn 0 - Milwaukee (NYP) 0
BOTTOM OF THE 2ND
Milwaukee (NYP) Brewers batting - Pitching for Auburn Doubledays : RHP Sentos Alatas
Batting: SHB Ramon Perez 0-0: Ball
1-0: Ball
2-0: Ball
3-0: Base on Balls
Batting: RHB Ryan Miller 0-0: SINGLE (Line Drive, 89M, EV 107.5 MPH)
Ramon Perez to second
Batting: RHB Jose Cerritos 0-0: Ball
1-0: Called Strike
1-1: Fly out, F9 (Flyball, 9D, EV 100.6 MPH)
Runner from 2nd tags up, SAFE at 3rd, no throw by RF
Batting: RHB Victor Alarcon 0-0: Grounds into double play, 5-4-3 (Groundball, 56, EV 89.4 MPH)
Bottom of the 2nd over - 0 runs, 1 hit, 0 errors, 1 left on base; Auburn 0 - Milwaukee (NYP) 0
TOP OF THE 3RD
Auburn Doubledays batting - Pitching for Milwaukee (NYP) Brewers : RHP Ben Bosley
Batting: RHB Scott Skoglund 0-0: Fly out, F8 (Flyball, 8RM, EV 89.4 MPH)
Batting: RHB Sentos Alatas 0-0: Called Strike
0-1: Ball
1-1: Called Strike
1-2: Ball
2-2: Ball
3-2: Strikes out swinging, 2-3 out at first.
Batting: RHB Antonio Morado 0-0: Called Strike
0-1: Swinging Strike
0-2: Foul Ball, location: 2F
0-2: Ball
1-2: Foul Ball, location: 2F
1-2: Ball
2-2: Ball
3-2: Strikes out swinging
Top of the 3rd over - 0 runs, 0 hits, 0 errors, 0 left on base; Auburn 0 - Milwaukee (NYP) 0
BOTTOM OF THE 3RD
Milwaukee (NYP) Brewers batting - Pitching for Auburn Doubledays : RHP Sentos Alatas
Batting: RHB Chris Riddel 0-0: Ball
1-0: Ball
2-0: SOLO HOME RUN (Flyball, 78XD, EV 113.8 MPH), Distance : 418 ft
Batting: RHB Justin Marino 0-0: Foul Ball, location: 2F
0-1: Swinging Strike
0-2: Ball
1-2: Ball
2-2: Strikes out looking
Batting: SHB Aaron Neill 0-0: Called Strike
0-1: Ball
1-1: Ball
2-1: Foul Ball, location: 2F
2-2: Ground out 5-3 (Groundball, 56D, EV 98.8 MPH)
Batting: SHB Orlando Torres 0-0: Foul Ball, location: 2F
0-1: Ball
1-1: Fly out, F5 (Popup, 5F, EV 67.5 MPH)
Bottom of the 3rd over - 1 run, 1 hit, 0 errors, 0 left on base; Auburn 0 - Milwaukee (NYP) 1
TOP OF THE 4TH
Auburn Doubledays batting - Pitching for Milwaukee (NYP) Brewers : RHP Ben Bosley
Batting: RHB John Savard 0-0: Ball
1-0: Called Strike
1-1: Called Strike
1-2: Strikes out swinging
Batting: SHB Ed Thorpe Jr. 0-0: Ball
1-0: Ball
2-0: Ground out 4-3 (Groundball, 34, EV 79.4 MPH)
Batting: RHB Deshawn Boseman 0-0: Ball
1-0: Foul Ball, location: 2F
1-1: Called Strike
1-2: Strikes out swinging
Top of the 4th over - 0 runs, 0 hits, 0 errors, 0 left on base; Auburn 0 - Milwaukee (NYP) 1
BOTTOM OF THE 4TH
Milwaukee (NYP) Brewers batting - Pitching for Auburn Doubledays : RHP Sentos Alatas
Batting: LHB Tyler Francis 0-0: Called Strike
0-1: Ball
1-1: Swinging Strike
1-2: Ball
2-2: Strikes out looking and he ARGUES THE CALL AND IS TOSSED!
Batting: SHB Ramon Perez 0-0: Called Strike
0-1: Ball
1-1: Ball
2-1: Ball
3-1: Base on Balls
Batting: RHB Ryan Miller 0-0: Called Strike
0-1: Ball
Wild Pitch!
Ramon Perez to second
1-1: Foul Ball, location: 2F
1-2: Ground out U3 (Groundball, 34, EV 101.2 MPH)
Ramon Perez to third
Batting: RHB Jose Cerritos 0-0: Ball
1-0: Called Strike
1-1: Fly out, F7 (Flyball, 78S, EV 89.4 MPH)
Bottom of the 4th over - 0 runs, 0 hits, 0 errors, 1 left on base; Auburn 0 - Milwaukee (NYP) 1
TOP OF THE 5TH
Auburn Doubledays batting - Pitching for Milwaukee (NYP) Brewers : RHP Ben Bosley
Now in RF: Michael Dickerson
Batting: LHB Vince McLane 0-0: SINGLE (Groundball, 34D, EV 100.6 MPH)
Batting: LHB Bobby Adams 0-0: Ball
1-0: SINGLE (Flyball, 3D, EV 91.2 MPH)
Vince McLane to second
Batting: LHB Adam Jacobs 0-0: Ball
1-0: Foul Ball, location: 2F
1-1: Fly out, F9 (Flyball, 89M, EV 82.5 MPH)
Batting: RHB Scott Skoglund 0-0: Ball
1-0: Called Strike
1-1: Ball
2-1: Foul Ball, location: 2F
2-2: Foul Ball, location: 2F
2-2: Foul Ball, location: 2F
2-2: Ground out 3-1 (Groundball, 34S, EV 83.8 MPH)
Vince McLane to third
Bobby Adams to second
Batting: RHB Sentos Alatas 0-0: Called Strike
0-1: Ball
1-1: DOUBLE (Line Drive, 78D, EV 107.5 MPH)
Vince McLane scores
Bobby Adams scores
Batting: RHB Antonio Morado 0-0: DOUBLE (Line Drive, 9LS, EV 90.6 MPH)
Sentos Alatas scores
Batting: RHB John Savard 0-0: Intentional Walk
Batting: SHB Ed Thorpe Jr. 0-0: Ball
1-0: Foul Ball, location: 2F
1-1: Fly out, F7 (Flyball, 78D, EV 88.8 MPH)
Top of the 5th over - 3 runs, 4 hits, 0 errors, 2 left on base; Auburn 3 - Milwaukee (NYP) 1
BOTTOM OF THE 5TH
Milwaukee (NYP) Brewers batting - Pitching for Auburn Doubledays : RHP Sentos Alatas
Batting: RHB Victor Alarcon 0-0: Called Strike
0-1: Ball
1-1: Called Strike
1-2: Strikes out looking
Batting: RHB Chris Riddel 0-0: SINGLE (Groundball, 4M, EV 103.1 MPH) (infield hit)
Batting: RHB Justin Marino 0-0: Foul Ball, location: 2F
0-1: Foul Ball, location: 2F
0-2: Ball
1-2: Strikes out swinging
Batting: SHB Aaron Neill 0-0: Called Strike
0-1: Ground out 4-3 (Groundball, 34, EV 78.1 MPH)
Bottom of the 5th over - 0 runs, 1 hit, 0 errors, 1 left on base; Auburn 3 - Milwaukee (NYP) 1
TOP OF THE 6TH
Auburn Doubledays batting - Pitching for Milwaukee (NYP) Brewers : RHP Ben Bosley
Batting: RHB Deshawn Boseman 0-0: Called Strike
0-1: Foul Ball, location: 2F
0-2: Ball
1-2: Strikes out swinging
Batting: LHB Vince McLane 0-0: SINGLE (Line Drive, 5D, EV 105.6 MPH)
Batting: LHB Bobby Adams 0-0: Called Strike
0-1: Called Strike
0-2: Foul Ball, location: 2F
0-2: Reached on error, E5 (Groundball, 5L, EV 85.0 MPH)
Vince McLane to second
Batting: LHB Adam Jacobs 0-0: Ball
1-0: Fly out, F8 (Flyball, 8RM, EV 92.5 MPH)
Batting: RHB Scott Skoglund 0-0: Called Strike
0-1: Ball
1-1: Ground out 5-3 (Groundball, 56S, EV 83.8 MPH)
Top of the 6th over - 0 runs, 1 hit, 1 error, 2 left on base; Auburn 3 - Milwaukee (NYP) 1
BOTTOM OF THE 6TH
Milwaukee (NYP) Brewers batting - Pitching for Auburn Doubledays : RHP Sentos Alatas
Batting: SHB Orlando Torres 0-0: Foul Ball, location: 2F
0-1: Ball
1-1: Called Strike
1-2: Foul Ball, location: 2F
1-2: Strikes out swinging
Batting: RHB Michael Dickerson 0-0: Swinging Strike
0-1: Foul Ball, location: 2F
0-2: Fly out, F9 (Flyball, 9, EV 90.0 MPH)
Batting: SHB Ramon Perez 0-0: Called Strike
0-1: Foul Ball, location: 2F
0-2: Foul Ball, location: 2F
0-2: Foul Ball, location: 2F
0-2: Ground out 5-3 (Groundball, 15, EV 79.4 MPH)
Bottom of the 6th over - 0 runs, 0 hits, 0 errors, 0 left on base; Auburn 3 - Milwaukee (NYP) 1
TOP OF THE 7TH
Auburn Doubledays batting - Pitching for Milwaukee (NYP) Brewers : RHP Ben Bosley
Batting: RHB Sentos Alatas 0-0: TRIPLE (Flyball, 8LXD, EV 99.4 MPH)
Batting: RHB Antonio Morado 0-0: Ball
1-0: Ball
2-0: Ball
3-0: Called Strike
3-1: Swinging Strike
3-2: Foul Ball, location: 2F
3-2: Base on Balls
Pitching: RHP Ramon Rodriguez
Batting: RHB John Savard 0-0: Ball
1-0: DOUBLE (Flyball, 8LXD, EV 104.4 MPH)
Sentos Alatas scores
Antonio Morado to third
Batting: SHB Ed Thorpe Jr. 0-0: Called Strike
0-1: Ball
Wild Pitch!
Antonio Morado scores
John Savard to third
1-1: Ball
2-1: Foul Ball, location: 2F
2-2: Strikes out swinging
Batting: RHB Deshawn Boseman 0-0: Called Strike
0-1: DOUBLE (Line Drive, 78D, EV 111.2 MPH)
John Savard scores
Batting: LHB Vince McLane 0-0: Ball
Balk!
Deshawn Boseman to third
1-0: Called Strike
1-1: Foul Ball, location: 2F
1-2: Hit by Pitch
Batting: LHB Bobby Adams 0-0: Called Strike
0-1: Ground out 6-3 (Groundball, P, EV 80.0 MPH)
Deshawn Boseman scores
Vince McLane to second
Batting: LHB Adam Jacobs 0-0: Ball
1-0: SINGLE (Line Drive, 4MD, EV 103.1 MPH)
Vince McLane to third
Runner from 3rd tries for Home, SAFE, throw by CF to home
Adam Jacobs to second
Batting: RHB Scott Skoglund 0-0: Called Strike
0-1: Ball
Wild Pitch!
Adam Jacobs to third
1-1: Foul Ball, location: 2F
1-2: Strikes out swinging
Top of the 7th over - 5 runs, 4 hits, 0 errors, 1 left on base; Auburn 8 - Milwaukee (NYP) 1
BOTTOM OF THE 7TH
Milwaukee (NYP) Brewers batting - Pitching for Auburn Doubledays : RHP Sentos Alatas
Batting: RHB Ryan Miller 0-0: Ball
1-0: Ball
2-0: SINGLE (Line Drive, 3D, EV 103.1 MPH)
Pitching: RHP Josh Jenkins
Batting: RHB Jose Cerritos 0-0: Called Strike
0-1: Swinging Strike
0-2: Ball
1-2: Foul Ball, location: 2F
1-2: Foul Ball, location: 2F
1-2: Strikes out swinging
Batting: RHB Victor Alarcon 0-0: Swinging Strike
0-1: Called Strike
Ryan Miller steals 2nd base (no throw)
0-2: Ball
1-2: Foul Ball, location: 2F
1-2: Ball
2-2: Ball
3-2: Foul Ball, location: 2F
3-2: Foul Ball, location: 2F
3-2: Foul Ball, location: 2F
3-2: Base on Balls
Batting: RHB Chris Riddel 0-0: Called Strike
0-1: Ball
1-1: Ball
2-1: Called Strike
2-2: Foul Ball, location: 2F
2-2: Ball
3-2: Base on Balls
Ryan Miller to third
Victor Alarcon to second
Pinch Hitting: RHB Chris Maul 0-0: Ball
1-0: Foul Ball, location: 2F
1-1: Called Strike
1-2: Ball
2-2: Foul Ball, location: 2F
2-2: Ground out 6-3 (Groundball, 6S, EV 66.9 MPH)
Ryan Miller scores
Victor Alarcon to third
Chris Riddel to second
Batting: SHB Aaron Neill 0-0: DOUBLE (Flyball, 8LD, EV 86.9 MPH)
Victor Alarcon scores
Chris Riddel scores
Batting: SHB Orlando Torres 0-0: Ball
1-0: Reached on error, E5 (Groundball, 56, EV 105.0 MPH)
Aaron Neill to third
Batting: RHB Michael Dickerson 0-0: Called Strike
0-1: Ball
1-1: Fly out, F1 (Line Drive, P, EV 67.5 MPH)
Bottom of the 7th over - 3 runs, 2 hits, 1 error, 2 left on base; Auburn 8 - Milwaukee (NYP) 4
TOP OF THE 8TH
Auburn Doubledays batting - Pitching for Milwaukee (NYP) Brewers : RHP Ramon Rodriguez
Pitching: RHP Marcus Golightly
Now at SS: Chris Maul
Batting: RHB Sentos Alatas 0-0: Called Strike
0-1: Called Strike
0-2: Ball
1-2: Strikes out swinging
Batting: RHB Antonio Morado 0-0: Ball
1-0: Ground out 5-3 (Groundball, 15, EV 81.9 MPH)
Batting: RHB John Savard 0-0: Ball
1-0: Ball
2-0: Called Strike
2-1: SINGLE (Groundball, 4S, EV 69.4 MPH) (infield hit)
Batting: SHB Ed Thorpe Jr. 0-0: Called Strike
John Savard is caught stealing 2nd base 2-6
Top of the 8th over - 0 runs, 1 hit, 0 errors, 0 left on base; Auburn 8 - Milwaukee (NYP) 4
BOTTOM OF THE 8TH
Milwaukee (NYP) Brewers batting - Pitching for Auburn Doubledays : RHP Josh Jenkins
Batting: SHB Ramon Perez 0-0: Ball
1-0: Hit by Pitch
Pitching: LHP Mike Bigos
Batting: RHB Ryan Miller 0-0: Ball
1-0: Foul Ball, location: 2F
1-1: SINGLE (Groundball, 34, EV 103.1 MPH) (infield hit)
Ramon Perez to second
Batting: RHB Jose Cerritos 0-0: Ball
1-0: Ball
2-0: Ground out 6-3 (Groundball, 6MS, EV 70.6 MPH)
Ramon Perez to third
Ryan Miller to second
Batting: RHB Victor Alarcon 0-0: Called Strike
0-1: Foul Ball, location: 2F
0-2: Ball
1-2: Strikes out swinging
Batting: RHB Chris Riddel 0-0: Ball
1-0: Foul Ball, location: 2F
1-1: Called Strike
1-2: DOUBLE (Flyball, 89D, EV 96.2 MPH)
Ramon Perez scores
Ryan Miller scores
Batting: RHB Chris Maul 0-0: Called Strike
0-1: Ball
1-1: Fly out, F7 (Flyball, 78S, EV 94.4 MPH)
Bottom of the 8th over - 2 runs, 2 hits, 0 errors, 1 left on base; Auburn 8 - Milwaukee (NYP) 6
TOP OF THE 9TH
Auburn Doubledays batting - Pitching for Milwaukee (NYP) Brewers : RHP Marcus Golightly
Batting: SHB Ed Thorpe Jr. 0-0: Ball
1-0: Called Strike
1-1: Swinging Strike
1-2: Strikes out swinging
Batting: RHB Deshawn Boseman 0-0: Called Strike
0-1: Ball
1-1: Foul Ball, location: 2F
1-2: Foul Ball, location: 2F
1-2: Ground out 2-3 (Groundball, 2R, EV 74.4 MPH)
Batting: LHB Vince McLane 0-0: Ball
1-0: Ball
2-0: Foul Ball, location: 2F
2-1: Foul Ball, location: 2F
2-2: Ground out U3 (Groundball, 34S, EV 72.5 MPH)
Top of the 9th over - 0 runs, 0 hits, 0 errors, 0 left on base; Auburn 8 - Milwaukee (NYP) 6
BOTTOM OF THE 9TH
Milwaukee (NYP) Brewers batting - Pitching for Auburn Doubledays : LHP Mike Bigos
Pitching: RHP Jimmy Purscell
Batting: SHB Aaron Neill 0-0: Ball
1-0: Ball
2-0: Foul Ball, location: 2F
2-1: Ground out 6-3 (Groundball, 6, EV 96.9 MPH)
Batting: SHB Orlando Torres 0-0: Ball
1-0: Foul Ball, location: 2F
1-1: Swinging Strike
1-2: Strikes out swinging
Pinch Hitting: LHB John Fortin 0-0: Called Strike
0-1: Called Strike
0-2: Ball
1-2: Strikes out swinging
Bottom of the 9th over - 0 runs, 0 hits, 0 errors, 0 left on base; Auburn 8 - Milwaukee (NYP) 6
Thursday, December 15th , 2022 - OOTP Baseball 23.9 Build 102